 Dungeon Crawl Stone Soup version 0.29.1-13-g9f3cf754e1 (webtiles) character file.

Game seed: 5522337636070893183

230 Thatpatchoflichen the Shooter (level 5, 0/32 HPs)
             Began as a Deep Elf Hunter on Jan 31, 2023.
             Slain by a scorpion (4 damage)
             ... on level 4 of the Dungeon.
             The game lasted 00:12:01 (3800 turns).

Thatpatchoflichen the Shooter (Deep Elf Hunter)     Turns: 3800, Time: 00:12:01

Health: 0/32       AC:  6    Str:  8    XL:     5   Next: 72%
Magic:  7/7        EV: 10    Int: 14    God:
Gold:   133        SH:  0    Dex: 20    Spells: 4/4 levels left

rFire   . . .      SeeInvis .   a - +0 shortbow
rCold   . . .      Faith    .   (shield currently unavailable)
rNeg    . . .      Spirit   .   B - +0 scale mail
rPois   .          Reflect  .   (no helmet)
rElec   .          Harm     .   (no cloak)
rCorr   .          Rampage  .   (no gloves)
Will    .....                   (no boots)
Stlth   +.........              A - amulet of the acrobat
HPRegen 0.10/turn               (no ring)
MPRegen 0.10/turn               (no ring)

@: lethally poisoned (0 -> -13)
A: no striking features
a: no special abilities


You were on level 4 of the Dungeon.
You visited 1 branch of the dungeon, and saw 4 of its levels.

You collected 198 gold pieces.
You spent 65 gold pieces at shops.

Inventory:

Hand Weapons
 a - a +0 shortbow (weapon)
Missiles
 d - 2 boomerangs
 n - 6 curare-tipped darts
 r - 11 poisoned darts
 x - 3 silver boomerangs
Armour
 c - a +0 leather armour
 w - an orb of light
 B - a +0 scale mail (worn)
Jewellery
 g - a ring of wizardry
 A - an amulet of the acrobat (around neck)
Scrolls
 b - 2 scrolls of immolation
 e - 4 scrolls of identify {unknown}
 f - 2 scrolls of blinking {unknown}
 i - 5 scrolls of teleportation {unknown}
 l - a scroll of magic mapping {unknown}
 o - 3 scrolls of amnesia {unknown}
 p - 3 scrolls of butterflies {unknown}
 t - a scroll of torment {unknown}
 y - a scroll of vulnerability {unknown}
Potions
 h - 2 potions of berserk rage {unknown}
 j - 2 potions of curing {unknown}
 m - 3 potions of attraction {unknown}
 q - 3 potions of brilliance {unknown}
 s - 2 potions of cancellation {unknown}
 u - a potion of flight {unknown}
 v - a potion of degeneration {unknown}
 z - a potion of invisibility {unknown}


   Skills:
 - Level 3.0 Fighting
 - Level 6.0 Ranged Weapons
 + Level 5.5 Dodging
 - Level 2.0 Stealth


You had 4 spell levels left.
You didn't know any spells.
Your spell library contained the following spells:

 Spells                   Type           Power      Damage    Failure   Level
 Poisonous Vapours        Pois/Air       0%         N/A       99%         2
 Gell's Gravitas          Tloc           0%         N/A       100%        3
 Lesser Beckoning         Tloc           0%         N/A       100%        3
 Teleport Other           Tloc           0%         N/A       100%        3
 Corpse Rot               Necr/Pois/Air  0%         N/A       100%        4


Dungeon Overview and Level Annotations

Branches:
Dungeon (4/15)
 Temple: D:4-7

Altars:
Qazlal
Trog
The Shining One

Shops:
D:3 !


Message History

Press: ? - help, Q - select action, (/) - cycle Shift-Dir - straight line, f/p - scorpion
Aim: a scorpion (almost dead, 66% to hit)
You shoot an arrow. The arrow barely misses the scorpion.
* * * LOW HITPOINT WARNING * * *
You feel very sick. The scorpion stings you.
* * * LOW HITPOINT WARNING * * *
You are more poisoned.
The scorpion poisons you!
You feel much better.
You feel very sick. The scorpion stings you. x2
Fire: a) +0 shortbow
Press: ? - help, Q - select action, (/) - cycle Shift-Dir - straight line, f/p - scorpion
Aim: a scorpion (almost dead, 66% to hit)
You shoot an arrow.
The arrow hits the scorpion but does no damage.
The scorpion is almost dead.
You feel very sick. The scorpion stings you.
The scorpion stings you but does no damage.
Fire: a) +0 shortbow
Press: ? - help, Q - select action, (/) - cycle Shift-Dir - straight line, f/p - scorpion
Aim: a scorpion (almost dead, 66% to hit)
You shoot an arrow.
The arrow hits the scorpion but does no damage.
The scorpion is almost dead.
You feel very sick. The scorpion stings you.
* * * LOW HITPOINT WARNING * * *
You are lethally poisoned!
The scorpion poisons you!
Fire: a) +0 shortbow
Press: ? - help, Q - select action, (/) - cycle Shift-Dir - straight line, f/p - scorpion
Aim: a scorpion (almost dead, 66% to hit)
You shoot an arrow. The arrow closely misses the scorpion.
* * * LOW HITPOINT WARNING * * *
You feel very sick. The scorpion stings you.
You die...

.......#..#s.#### ...
................ ..#
....####.....#.## #.# .####
#..##....# #.### .#
#........###...# .#
#..#.........#.# .. .#
#....#.........# #.#. .#####
#...##..s......# #.##.#
.....###...##...@.....## #.##.###
.###......#.....)[.)...# #.##....
.# ###......#.....<..#.# #.).....
.###...................###.......
..........###....................
....................##.#.........
..........###.......##.###.......
)........(# ##.#######.# #.......
........... ..# #.. ###.###.


You could see a scorpion.

Vanquished Creatures
  An orc priest (D:4)
  2 orc wizards
  4 gnolls
  2 adders (D:3)
  2 worms
  3 dart slugs
  13 orcs
  5 bats
  4 endoplasms
  2 giant cockroaches
  5 goblins
  6 hobgoblins
  6 kobolds
  4 quokkas
  7 ball pythons
  2 frilled lizards
  A rat (D:1)
69 creatures vanquished.

Notes
Turn   | Place    | Note
-------+----------+-------------------------------------------
     0 | D:1      | Thatpatchoflichen the Deep Elf Hunter began the quest for
                  | the Orb.
     0 | D:1      | Reached XP level 1. HP: 12/12 MP: 3/3
    13 | D:1      | Found a faded altar of an unknown god.
   211 | D:1      | Reached XP level 2. HP: 10/17 MP: 4/4
   977 | D:2      | Reached XP level 3. HP: 21/21 MP: 5/5
  1057 | D:2      | Found a stormy altar of Qazlal.
  1617 | D:3      | Found Xoghobihoh's Distillery.
  1620 | D:3      | Bought a potion of heal wounds for 65 gold pieces
  1719 | D:3      | Reached skill level 6 in Ranged Weapons
  1818 | D:3      | Found a bloodstained altar of Trog.
  1886 | D:3      | Reached XP level 4. HP: 27/27 MP: 6/6
  2990 | D:2      | Reached XP level 5. HP: 22/32 MP: 7/7
  3319 | D:4      | Reached skill level 5 in Dodging
  3403 | D:4      | Found a glowing golden altar of the Shining One.
  3800 | D:4      | Slain by a scorpion

Illustrated notes

Levels and vault maps discovered:
D:1:      minmay_arrival_stair_chambers, layout_loops_ring,
          ebering_ecumenical_altar_ruins
D:2:      layout_loops_ring, basic_altar, minmay_misc_feat_rows,
          nicolae_concentric_dashed_squares_mild, nrook_mini_vaults,
          serial_park_tiny_pond
D:3:      layout_loops_cross, lemuel_crystal_altar, serial_shops,
          nicolae_shop_window_shopping
D:4:      layout_rooms, mainiacjoe_overflow_catwalk

Skill      XL: |  1  2  3  4  5 |
---------------+----------------+-----
Stealth        | 2 |  2.0
Fighting       | 2 3 |  3.0
Dodging        | 3 4 5 |  5.5
Ranged Weapons | 6 |  6.0

Action                   |  1- 3 |  4- 6 || total
-------------------------+-------+-------++-------
 Fire: Shortbow          |   108 |   116 ||   224
  Use: Potion            |       |     2 ||     2
Armor: Leather armour    |     6 |    11 ||    17
       Scale mail        |       |     3 ||     3
Dodge: Dodged            |    26 |    53 ||    79
